 Dungeon Crawl Stone Soup version 0.21.1-1-g345015f (webtiles) character file.

51 tester123 the Ducker (level 3, -1/17 HPs)
             Began as a Felid Monk on July 25, 2018.
             Killed by divine providence
             ... invoked by an orc priest
              (15 damage)
             ... on level 3 of the Dungeon.
             The game lasted 00:11:46 (2651 turns).

tester123 the Ducker (Felid Monk)                   Turns: 2651, Time: 00:11:47

Health: -1/17      AC:  1    Str:  7    XL:     3   Next: 58%
Magic:  4/4        EV: 21    Int: 11    God:
Gold:   133        SH:  0    Dex: 19    Spells: 2/2 levels left
                                        Lives:  0   Deaths: 1

rFire    . . .     SeeInvis +     - Unarmed
rCold    . . .     Gourm    .   (shield unavailable)
rNeg     . . .     Faith    .   (armour unavailable)
rPois    .         Spirit   .   (helmet unavailable)
rElec    .         Reflect  .   (cloak unavailable)
rCorr    .         Harm     .   (gloves unavailable)
MR       .....                  (boots unavailable)
Stlth    +++.......             (no amulet)
HPRegen  0.05/turn              (no ring)
MPRegen  0.09/turn              (no ring)

@: quick
A: very small, no armour, no weapons or thrown items, stealth, claws 1, fangs 3,
see invisible, carnivore, speed 1, shaggy fur 1, slow metabolism 1, sharp paws
a: no special abilities


You were on level 3 of the Dungeon.
You were not hungry.

You visited 1 branch of the dungeon, and saw 3 of its levels.

You collected 133 gold pieces.

Inventory:

Scrolls
 c - 3 scrolls of identify {unknown}
 e - a scroll of immolation {unknown}
 f - a scroll of random uselessness {unknown}
 g - 2 scrolls of fear {unknown}
 h - 2 scrolls of enchant armour {unknown}
 j - 2 scrolls of remove curse {unknown}
 l - a scroll of amnesia {unknown}
 n - a scroll of magic mapping {unknown}
 o - a scroll of enchant weapon {unknown}
Potions
 b - a potion of flight {unknown}
 d - a potion of cancellation {unknown}
 i - 2 potions of degeneration {unknown}
 m - a potion of curing {unknown}
Comestibles
 a - 8 rations


   Skills:
 + Level 3.5 Fighting
 + Level 4.7 Dodging
 + Level 3.8 Stealth
 + Level 4.2 Unarmed Combat


You had 2 spell levels left.
You didn't know any spells.

Dungeon Overview and Level Annotations

Branches:
Dungeon (3/15)

Altars:
Fedhas
Makhleb
The Shining One


Innate Abilities, Weirdness & Mutations

You cannot wear armour.
You are incapable of wielding weapons or throwing items.
Your paws allow you to move quietly. (Stealth)
You have sharp claws.
You have razor-sharp teeth.
You have supernaturally acute eyesight. (SInv)
You are carnivorous and can eat meat at any time.
You cover ground quickly.
You are covered in fur. (AC +1)
You have a slow metabolism.
Your sharp claws are effective at attacking unaware monsters.


Message History

The orc priest is lightly wounded.
The orc priest casts a cantrip, but nothing happens.
You scratch the orc priest but do no damage.
The orc priest is lightly wounded.
The orc priest closely misses you.
You scratch the orc priest but do no damage.
The orc priest is lightly wounded.
The orc priest invokes the aid of Beogh against you.
Pain shoots through your body!
Ouch! That really hurt!
You die...
You are now level 3!
You rejoin the land of the living...
The orc priest hits you with a falchion of holy wrath.
You closely miss the orc priest.
The orc priest is lightly wounded.
The orc priest invokes the aid of Beogh against you.
Beogh smites you!
Ouch! That really hurt!
You die...

#......# ## #......#
#######.... #......#
#...........
#......######.#.#......#
+...........#<#.#...#..
#......####.#.#.#.....
#.............#.#...#
######.####.#.#.#...# #
#.#.o@.#.#.#...# .#
#.#.####.#.....# .#
#.#.# #.#####.#..# #.#.#
#.#.....#..#.#. #.#
............... #.#
####.##.####### #†# #.
#..÷...[( #o# #
######### #.#######.


You could see an orc priest.

Vanquished Creatures
  A gnoll (D:1)
  3 adders (D:2)
  A shadow imp (D:3)
  2 worms (D:2)
  3 leopard geckos
  2 orcs (D:3)
  8 bats
  3 giant cockroaches (D:2)
  6 hobgoblins
  3 jackals (D:2)
  2 kobolds
  2 ball pythons (D:2)
  5 frilled lizards
  8 goblins
  5 rats
54 creatures vanquished.

Notes
Turn   | Place    | Note
-------+----------+-------------------------------------------
     0 | D:1      | tester123 the Felid Monk began the quest for the Orb.
     0 | D:1      | Reached XP level 1. HP: 10/10 MP: 2/2
   271 | D:1      | Reached XP level 2. HP: 14/14 MP: 3/3
   932 | D:2      | Reached XP level 3. HP: 17/17 MP: 4/4
  1280 | D:2      | Found a glowing golden altar of the Shining One.
  1281 | D:2      | Found a blossoming altar of Fedhas.
  1303 | D:2      | Found a burning altar of Makhleb.
  1450 | D:2      | Reached XP level 4. HP: 20/21 MP: 5/5
  2637 | D:3      | Killed from afar by an orc priest
  2638 | D:3      | Reached XP level 3. HP: -2/17 MP: 4/4
  2651 | D:3      | Killed from afar by an orc priest

Skill      XL: |  1  2  3  4 |
---------------+-------------+-----
Stealth        | 3 |  3.8
Unarmed Combat | 4 |  4.2
Fighting       | |  3.5
Dodging        | |  4.7

Action                   |  1- 3 |  4- 6 || total
-------------------------+-------+-------++-------
Melee: Unarmed           |    89 |    75 ||   164
       Bite              |     7 |     6 ||    13
       Punch             |     2 |       ||     2
 Stab: Sleeping          |     6 |     5 ||    11
  Eat: Chunk             |     8 |     2 ||    10
Armor: Skin              |     7 |     4 ||    11
Dodge: Dodged            |    72 |    44 ||   116
